[Event "ICC tourney 2533 (25 5)"]
[Site "Internet Chess Club"]
[Date "2021.04.24"]
[Round "1"]
[White "GARZA, ISABELLA:K09-15183191"]
[Black "DONOFRIO, LUKE:K09-15346692"]
[Result "0-1"]
[ICCResult "White checkmated"]
[WhiteElo "461"]
[BlackElo "1451"]
[Opening "Giuoco Pianissimo: Italian four knights variation"]
[ECO "C47"]
[NIC "KP.06"]
[Time "11:02:11"]
[PlyCount "32"]
[TimeControl "1500+5"]

1. e4 e5 2. Nf3 Nc6 3. Nc3 Nf6 4. Bc4 Bc5 5. d3 O-O 6. Qe2 h6 7. Be3 Bb6 8.
Bxb6 axb6 9. O-O d6 10. d4 exd4 11. Nd5 Bg4 12. Nxf6+ Qxf6 13. Bd5 Ne5 14.
Bxb7 Nxf3+ 15. gxf3 Bxf3 16. Qe1 Qg5# { White checkmated } 0-1

[Event "ICC tourney 2533 (25 5)"]
[Site "Internet Chess Club"]
[Date "2021.04.24"]
[Round "1"]
[White "LEYTE VIDAL, ABIGAIL:K09-17196864"]
[Black "WEICHENG ZHANG, JUSTIN:K09-16253356"]
[Result "0-1"]
[ICCResult "White checkmated"]
[WhiteElo "210"]
[BlackElo "1355"]
[Opening "Réti opening"]
[ECO "A05"]
[NIC "QP.11"]
[Time "11:01:40"]
[PlyCount "42"]
[TimeControl "1500+5"]

1. Nf3 Nf6 2. e3 g6 3. d4 Bg7 4. Be2 O-O 5. O-O d6 6. Bd2 Nbd7 7. Na3 e5 8.
dxe5 Nxe5 9. Nxe5 dxe5 10. Nb5 a6 11. Nc3 Re8 12. Ne4 Nxe4 13. Bf3 Nxd2 14.
Re1 Nxf3+ 15. Qxf3 Qe7 16. Qd1 b5 17. a4 Bb7 18. Kf1 Qg5 19. b3 Qxg2+ 20.
Ke2 Rad8 21. Qc1 Bf3# { White checkmated } 0-1

[Event "ICC tourney 2533 (25 5)"]
[Site "Internet Chess Club"]
[Date "2021.04.24"]
[Round "1"]
[White "ANANTHARAMAN, AASHISH:K09-15992442"]
[Black "HERKER, JASON:K09-15806028"]
[Result "1-0"]
[ICCResult "Black checkmated"]
[WhiteElo "1366"]
[BlackElo "229"]
[Opening "Pirc defense"]
[ECO "B07"]
[NIC "PU.07"]
[Time "11:03:18"]
[PlyCount "23"]
[TimeControl "1500+5"]

1. e4 d6 2. d4 Nf6 3. Nc3 g6 4. Be3 Bg7 5. Nf3 O-O 6. Qd2 c6 7. Bh6 Bxh6 8.
Qxh6 Bg4 9. Ng5 Bh5 10. e5 dxe5 11. dxe5 Ne4 12. Qxh7# { Black checkmated }
1-0

[Event "ICC tourney 2533 (25 5)"]
[Site "Internet Chess Club"]
[Date "2021.04.24"]
[Round "1"]
[White "DANIEL VON HOFF, CHRISTOPHER:K09-15127660"]
[Black "KLEIN, ISAAC:K09-17334355"]
[Result "1-0"]
[ICCResult "Black checkmated"]
[WhiteElo "1529"]
[BlackElo "557"]
[Opening "Vienna game"]
[ECO "C26"]
[NIC "VG.02"]
[Time "11:02:58"]
[PlyCount "41"]
[TimeControl "1500+5"]

1. e4 Nf6 2. Nc3 e5 3. Bc4 Bc5 4. d3 O-O 5. Bg5 h6 6. Bh4 d6 7. Nd5 g5 8.
Bg3 Nxd5 9. Bxd5 c6 10. Bb3 Qf6 11. h4 g4 12. c3 Be6 13. Bxe6 fxe6 14.
Qxg4+ Kh7 15. Nf3 Rg8 16. Ng5+ hxg5 17. hxg5+ Kg7 18. gxf6+ Kf7 19. Rh7+
Kf8 20. Qxe6 d5 21. Qf7# { Black checkmated } 1-0

[Event "ICC tourney 2533 (25 5)"]
[Site "Internet Chess Club"]
[Date "2021.04.24"]
[Round "1"]
[White "MUKHERJEE, ABHIRUP:K09-17149023"]
[Black "KOLLIPARA, ADVAITH:K09-15014487"]
[Result "1-0"]
[ICCResult "Black resigns"]
[WhiteElo "672"]
[BlackElo "1648"]
[Opening "French: classical"]
[ECO "C13"]
[NIC "FR.06"]
[Time "11:01:45"]
[PlyCount "27"]
[TimeControl "1500+5"]

1. e4 e6 2. d4 d5 3. Nc3 Nf6 4. Bg5 Be7 5. Bd3 O-O 6. Nf3 c5 7. Bxf6 Bxf6
8. e5 Be7 9. h4 Nc6 10. Bxh7+ Kxh7 11. Ng5+ Kg8 12. Qh5 Bxg5 13. hxg5 f6
14. g6 { Black resigns } 1-0

[Event "ICC tourney 2533 (25 5)"]
[Site "Internet Chess Club"]
[Date "2021.04.24"]
[Round "1"]
[White "SHRIGADI, ARYAN:K09-15491764"]
[Black "ROLLEN GOINS, DEVIN:K09-17182980"]
[Result "1-0"]
[ICCResult "Black resigns"]
[WhiteElo "1454"]
[BlackElo "477"]
[Opening "Ruy Lopez: Möller defense"]
[ECO "C78"]
[NIC "RL.12"]
[Time "11:01:31"]
[PlyCount "43"]
[TimeControl "1500+5"]

1. e4 e5 2. Nf3 Nc6 3. Bb5 a6 4. Ba4 Nf6 5. O-O Bc5 6. Nxe5 Nxe5 7. d4 Nc4
8. dxc5 O-O 9. Nc3 b5 10. Bb3 Bb7 11. Bxc4 bxc4 12. Bg5 Qe8 13. Bxf6 gxf6
14. Re1 Qe5 15. Qxd7 Kh8 16. Qf5 Qd4 17. Rad1 Qxd1 18. Rxd1 Rad8 19. Rxd8
Rxd8 20. Qxf6+ Kg8 21. Qxd8+ Kg7 22. Qxc7 { Black resigns } 1-0

[Event "ICC tourney 2533 (25 5)"]
[Site "Internet Chess Club"]
[Date "2021.04.24"]
[Round "1"]
[White "LEYTE VIDAL, BRANDON:K09-17196870"]
[Black "RALLABANDI, KRISHNA:K09-16752001"]
[Result "0-1"]
[ICCResult "White checkmated"]
[WhiteElo "430"]
[BlackElo "1440"]
[Opening "Sicilian"]
[ECO "B56"]
[NIC "SI.25"]
[Time "11:01:41"]
[PlyCount "76"]
[TimeControl "1500+5"]

1. e4 c5 2. Nf3 d6 3. d4 cxd4 4. Nxd4 Nf6 5. Nc3 Nc6 6. Bb5 Bd7 7. Nxc6
bxc6 8. Bd3 e6 9. Be3 Be7 10. Qd2 a6 11. O-O-O Ng4 12. Bf4 e5 13. Bg3 Rb8
14. h3 Nf6 15. Bxa6 Qb6 16. b3 Qxa6 17. Na4 Nxe4 18. Qd3 Qxd3 19. cxd3 Bg5+
20. Kb1 Nxg3 21. fxg3 c5 22. h4 Bf6 23. Rhf1 Bxa4 24. g4 O-O 25. g5 Be7 26.
g3 Bxb3 27. axb3 Rxb3+ 28. Kc2 Rfb8 29. Kd2 Rb2+ 30. Ke3 d5 31. Rf5 f6 32.
gxf6 Bxf6 33. h5 h6 34. g4 Rg2 35. Kf3 Rbb2 36. Rf1 Rgd2 37. Ke3 Bg5+ 38.
Kf3 Rxd3# { White checkmated } 0-1

[Event "ICC tourney 2533 (25 5)"]
[Site "Internet Chess Club"]
[Date "2021.04.24"]
[Round "1"]
[White "REISS, AIDEN:K09-16581243"]
[Black "DE LI HSU, IAN:K09-17146724"]
[Result "1-0"]
[ICCResult "Black checkmated"]
[WhiteElo "1853"]
[BlackElo "797"]
[Opening "Ruy Lopez: Berlin defense"]
[ECO "C65"]
[NIC "RL.07"]
[Time "11:01:21"]
[PlyCount "51"]
[TimeControl "1500+5"]

1. e4 e5 2. Nf3 Nc6 3. Bb5 Nf6 4. d3 Bc5 5. O-O O-O 6. c3 Ne7 7. Bg5 Ng6 8.
d4 exd4 9. cxd4 Bb6 10. Nc3 Re8 11. e5 Re6 12. exf6 Rxf6 13. Ne4 h6 14.
Nxf6+ gxf6 15. Bxh6 d5 16. Bd3 Bg4 17. h3 Be6 18. Qc2 Nf8 19. Bf5 Bxf5 20.
Qxf5 Qd6 21. h4 c5 22. h5 cxd4 23. Qg4+ Ng6 24. hxg6 fxg6 25. Qxg6+ Kh8 26.
Qg7# { Black checkmated } 1-0

[Event "ICC tourney 2533 (25 5)"]
[Site "Internet Chess Club"]
[Date "2021.04.24"]
[Round "1"]
[White "SINGH, HERSH:K09-15024326"]
[Black "MICHAEL JONES, RILEY:K09-16250692"]
[Result "1-0"]
[ICCResult "Black resigns"]
[WhiteElo "2240"]
[BlackElo "940"]
[Opening "QGD: Grau (Sahovic) defense"]
[ECO "D06"]
[NIC "QP.08"]
[Time "11:03:06"]
[PlyCount "45"]
[TimeControl "1500+5"]

1. d4 d5 2. c4 Bf5 3. Nc3 c5 4. cxd5 cxd4 5. Qxd4 Nf6 6. e4 Bg6 7. Nf3 e6
8. Bb5+ Nbd7 9. dxe6 fxe6 10. O-O Bc5 11. Qxc5 a6 12. Bxd7+ Qxd7 13. Ne5
Qe7 14. Qxe7+ Kxe7 15. Nxg6+ hxg6 16. Bg5 Rh5 17. h4 Rah8 18. e5 b5 19. Ne4
Rxg5 20. exf6+ gxf6 21. hxg5 fxg5 22. Nxg5 Kf6 23. f4 { Black resigns } 1-0

[Event "ICC tourney 2533 (25 5)"]
[Site "Internet Chess Club"]
[Date "2021.04.24"]
[Round "1"]
[White "CHUGH, AARUSH:K09-14970943"]
[Black "CURRAN, ELI:K09-16489414"]
[Result "1-0"]
[ICCResult "Black checkmated"]
[WhiteElo "1500"]
[BlackElo "537"]
[Opening "French: MacCutcheon, advance variation"]
[ECO "C12"]
[NIC "FR.05"]
[Time "11:03:37"]
[PlyCount "41"]
[TimeControl "1500+5"]

1. e4 e6 2. d4 d5 3. Nc3 Nf6 4. Bg5 Bb4 5. e5 Ne4 6. Bxd8 Bxc3+ 7. bxc3
Nxc3 8. Qf3 Ne4 9. Bh4 h6 10. Bd3 Nc3 11. Bg6 fxg6 12. Qxc3 b6 13. Qxc7 O-O
14. Nf3 g5 15. Bg3 g4 16. Nh4 g5 17. Ng6 Re8 18. O-O h5 19. f4 h4 20. fxg5
hxg3 21. Qf7# { Black checkmated } 1-0

[Event "ICC tourney 2533 (25 5)"]
[Site "Internet Chess Club"]
[Date "2021.04.24"]
[Round "1"]
[White "S SINGH ATWAL, TEJVEER:K09-17280520"]
[Black "GUO, FELIX:K09-17353890"]
[Result "0-1"]
[ICCResult "White checkmated"]
[WhiteElo "100"]
[BlackElo "1303"]
[Opening "Four knights: Spanish variation"]
[ECO "C48"]
[NIC "KP.03"]
[Time "11:03:53"]
[PlyCount "50"]
[TimeControl "1500+5"]

1. e4 e5 2. Nc3 Nf6 3. Nf3 Nc6 4. Bb5 d6 5. Bxc6+ bxc6 6. O-O Bg4 7. d3 d5
8. exd5 cxd5 9. Bg5 Be7 10. Bxf6 Bxf6 11. h3 Bh5 12. g4 Bg6 13. Nd2 d4 14.
Nb5 h5 15. gxh5 Rxh5 16. c4 Bxd3 17. Re1 Rg5+ 18. Kh2 c6 19. Nf3 Rg6 20.
Na3 Bf5 21. Rg1 Rh6 22. Rc1 Bxh3 23. Rg3 Qd7 24. Rxh3 Qxh3+ 25. Kg1 Qh1# {
White checkmated } 0-1

[Event "ICC tourney 2533 (25 5)"]
[Site "Internet Chess Club"]
[Date "2021.04.24"]
[Round "1"]
[White "BAI, ANDREAS:K09-16085755"]
[Black "KOLLI, SAI:K09-16397773"]
[Result "0-1"]
[ICCResult "White checkmated"]
[WhiteElo "540"]
[BlackElo "1507"]
[Opening "Giuoco Pianissimo"]
[ECO "C50"]
[NIC "IG.02"]
[Time "11:02:58"]
[PlyCount "48"]
[TimeControl "1500+5"]

1. e4 e5 2. Nf3 Nc6 3. Bc4 Bc5 4. d3 d6 5. Nc3 Be6 6. Bd5 Bxd5 7. exd5 Nce7
8. O-O Nf6 9. h3 O-O 10. Bg5 Kh8 11. Bxf6 gxf6 12. Ne4 f5 13. Neg5 h6 14.
Re1 hxg5 15. Nxg5 Ng6 16. Qh5+ Kg7 17. Qh7+ Kf6 18. Nf3 Rh8 19. Qxh8+ Qxh8
20. Rf1 Nf4 21. Rae1 Rg8 22. g3 Qxh3 23. Nh4 Qxh4 24. Rc1 Rxg3# { White
checkmated } 0-1

[Event "ICC tourney 2533 (25 5)"]
[Site "Internet Chess Club"]
[Date "2021.04.24"]
[Round "1"]
[White "HU, MERRIC:K09-14686967"]
[Black "ASTHANA, AMAN:K09-15042721"]
[Result "1-0"]
[ICCResult "Black checkmated"]
[WhiteElo "2275"]
[BlackElo "947"]
[Opening "Sicilian defense"]
[ECO "B32"]
[NIC "SI.32"]
[Time "11:01:16"]
[PlyCount "97"]
[TimeControl "1500+5"]

1. e4 c5 2. Nf3 Nc6 3. d4 cxd4 4. Nxd4 Nxd4 5. Qxd4 d6 6. Nc3 Nf6 7. Bg5 g6
8. Bb5+ Bd7 9. Bxd7+ Qxd7 10. Bxf6 exf6 11. Qxf6 Rg8 12. Nd5 Bg7 13. O-O-O
Rc8 14. e5 Bxf6 15. Nxf6+ Ke7 16. Nxd7 Kxd7 17. Rxd6+ Ke7 18. Rhd1 Rcd8 19.
c4 Rge8 20. f4 Rxd6 21. Rxd6 Rd8 22. Rxd8 Kxd8 23. Kd2 Ke7 24. g4 f6 25.
Kd3 Ke6 26. Ke4 fxe5 27. fxe5 h6 28. Kd4 h5 29. h3 hxg4 30. hxg4 g5 31. Ke4
b6 32. Kd4 a6 33. a4 a5 34. Ke4 Ke7 35. Kf5 Kf7 36. Kxg5 Ke7 37. Kf5 Kd7
38. e6+ Kc7 39. Kf6 Kc6 40. e7 Kc5 41. e8=Q b5 42. Qxb5+ Kd6 43. c5+ Kd5
44. c6+ Kd6 45. Qb7 Kd5 46. c7+ Kd6 47. g5 Kd7 48. c8=Q+ Kd6 49. Qcc6# {
Black checkmated } 1-0

[Event "ICC tourney 2533 (25 5)"]
[Site "Internet Chess Club"]
[Date "2021.04.24"]
[Round "1"]
[White "LI, HARVEY:K09-16806831"]
[Black "N REDDY, AARUSH:K09-16740913"]
[Result "1-0"]
[ICCResult "Black checkmated"]
[WhiteElo "1756"]
[BlackElo "734"]
[Opening "Queen's pawn, Mason variation"]
[ECO "D00"]
[NIC "QP.08"]
[Time "11:03:42"]
[PlyCount "41"]
[TimeControl "1500+5"]

1. d4 d5 2. Bf4 Nc6 3. e3 Nf6 4. c3 e6 5. Bd3 Ne7 6. Nf3 c6 7. Ne5 Nf5 8.
Nd2 Bd6 9. h4 O-O 10. g4 Ne7 11. Qf3 Nd7 12. Qg3 Nxe5 13. dxe5 Bc7 14. Nf3
Ng6 15. h5 Nxf4 16. exf4 h6 17. g5 f6 18. gxf6 Kf7 19. Qxg7+ Ke8 20. Bg6+
Rf7 21. Qxf7# { Black checkmated } 1-0

[Event "ICC tourney 2533 (25 5)"]
[Site "Internet Chess Club"]
[Date "2021.04.24"]
[Round "1"]
[White "MEHTA, KHUSH:K09-16425411"]
[Black "WU, ANDREW:K09-16967853"]
[Result "0-1"]
[ICCResult "White checkmated"]
[WhiteElo "579"]
[BlackElo "1532"]
[Opening "Sicilian"]
[ECO "B50"]
[NIC "SI.01"]
[Time "11:02:02"]
[PlyCount "110"]
[TimeControl "1500+5"]

1. e4 c5 2. Nf3 d6 3. Nc3 Nf6 4. Bc4 g6 5. Ng5 e6 6. Nf3 Bg7 7. d3 O-O 8.
Be3 Re8 9. O-O Nc6 10. Qe2 d5 11. exd5 exd5 12. Bxd5 Nxd5 13. Nxd5 Qxd5 14.
Qd2 Bg4 15. Qd1 Bxf3 16. Qxf3 Qxf3 17. gxf3 Nd4 18. Bxd4 cxd4 19. c3 dxc3
20. bxc3 Bxc3 21. Rac1 Rac8 22. a3 Ba5 23. Rcd1 Red8 24. d4 Rd5 25. Rd3 Rc3
26. Rfd1 Rxd3 27. Rxd3 Bb6 28. Rb3 Rxd4 29. Kf1 Kg7 30. Ke2 Kf6 31. Ke3
Rb4+ 32. Ke2 Rxb3 33. a4 Rb2+ 34. Kf1 Ra2 35. Kg2 Rxa4 36. f4 Ra2 37. f5
Rxf2+ 38. Kg3 Rxf5 39. Kg4 h5+ 40. Kh4 Rf4+ 41. Kg3 Rg4+ 42. Kf3 Rh4 43. h3
Rxh3+ 44. Kg2 Rb3 45. Kf1 Bd8 46. Ke2 Ke5 47. Kd2 Ke4 48. Kc2 Rg3 49. Kd2
Rh3 50. Ke2 Rh2+ 51. Kd1 Ke3 52. Kc1 Kd3 53. Kb1 Kc3 54. Ka1 Kb3 55. Kb1
Rh1# { White checkmated } 0-1

[Event "ICC tourney 2533 (25 5)"]
[Site "Internet Chess Club"]
[Date "2021.04.24"]
[Round "1"]
[White "RAJIV MUNDAYAT, ABINAV:K09-15264747"]
[Black "WENZHI GUO, MICHAEL:K09-16316494"]
[Result "1-0"]
[ICCResult "Black checkmated"]
[WhiteElo "2090"]
[BlackElo "914"]
[Opening "Ruy Lopez: old Steinitz defense"]
[ECO "C62"]
[NIC "RL.02"]
[Time "11:03:26"]
[PlyCount "41"]
[TimeControl "1500+5"]

1. e4 e5 2. Nf3 Nc6 3. Bb5 d6 4. O-O Bd7 5. c3 a6 6. Ba4 Nf6 7. Re1 Be7 8.
d4 exd4 9. cxd4 O-O 10. Nc3 Nb8 11. Bb3 c6 12. e5 dxe5 13. dxe5 Ne8 14. Qd3
Bg4 15. Qe4 Bxf3 16. Qxf3 g6 17. Bh6 Ng7 18. Ne4 Nd7 19. Qc3 Re8 20. e6 Nf5
21. exf7# { Black checkmated } 1-0

[Event "ICC tourney 2533 (25 5)"]
[Site "Internet Chess Club"]
[Date "2021.04.24"]
[Round "1"]
[White "ANSH DUMPALA, SRI:K09-16709284"]
[Black "TAMMALI, VAISHNAVI:K09-15025561"]
[Result "0-1"]
[ICCResult "White checkmated"]
[WhiteElo "651"]
[BlackElo "1620"]
[Opening "French defense"]
[ECO "C00"]
[NIC "FR.01"]
[Time "11:03:18"]
[PlyCount "62"]
[TimeControl "1500+5"]

1. e4 e6 2. Nf3 d5 3. d3 Nf6 4. Nc3 c5 5. Ne2 dxe4 6. dxe4 Qxd1+ 7. Kxd1
Nxe4 8. Ng3 Nxf2+ 9. Ke1 Nxh1 10. Be2 Nxg3 11. hxg3 Nc6 12. Kf2 e5 13. Bd2
Bf5 14. Rc1 O-O-O 15. Be3 Nd4 16. Bxd4 exd4 17. Rd1 Bxc2 18. Rd2 d3 19. Bf1
f6 20. Ne1 c4 21. Nxc2 dxc2 22. Rxc2 Bc5+ 23. Kf3 b5 24. a3 Rhe8 25. g4
Re3+ 26. Kf4 Rde8 27. g5 R8e4+ 28. Kf5 Re5+ 29. Kg4 Rxg5+ 30. Kh4 Re1 31.
Be2 Rh1# { White checkmated } 0-1

[Event "ICC tourney 2533 (25 5)"]
[Site "Internet Chess Club"]
[Date "2021.04.24"]
[Round "1"]
[White "R MEDINA, GAEL:K09-15685876"]
[Black "DAWN COLE SHIELDS, JATYN:K09-16024704"]
[Result "1-0"]
[ICCResult "Black checkmated"]
[WhiteElo "1429"]
[BlackElo "404"]
[Opening "Caro-Kann: exchange variation"]
[ECO "B13"]
[NIC "CK.02"]
[Time "11:03:46"]
[PlyCount "51"]
[TimeControl "1500+5"]

1. e4 c6 2. d4 d5 3. exd5 cxd5 4. Bd3 Nc6 5. c3 e6 6. Bf4 Nf6 7. Nf3 Bd7 8.
Nbd2 e5 9. Nxe5 Qe7 10. O-O Nxe5 11. Bxe5 Ng8 12. Re1 f6 13. Bd6 Qe6 14.
Rxe6+ Bxe6 15. Bxf8 Kxf8 16. Qb3 Ne7 17. Re1 Re8 18. Rxe6 g6 19. Rxf6+ Kg7
20. Rf4 Nc6 21. Qxb7+ Ne7 22. c4 dxc4 23. Bxc4 Kh6 24. Bf7 Ref8 25. Qxe7 g5
26. Qf6# { Black checkmated } 1-0

[Event "ICC tourney 2533 (25 5)"]
[Site "Internet Chess Club"]
[Date "2021.04.24"]
[Round "1"]
[White "HAN, MATTHEW:K09-16312223"]
[Black "ZHOU, ARTHUR:K09-17305955"]
[Result "1-0"]
[ICCResult "Black resigns"]
[WhiteElo "1320"]
[BlackElo "105"]
[Opening "Sicilian: Nimzovich-Rubinstein variation"]
[ECO "B29"]
[NIC "SI.43"]
[Time "11:02:53"]
[PlyCount "55"]
[TimeControl "1500+5"]

1. e4 c5 2. Nf3 Nf6 3. Nc3 Nc6 4. d4 b6 5. Be3 e5 6. dxc5 Bxc5 7. Bxc5 bxc5
8. Nd5 Nxe4 9. Qe2 Nd6 10. Nxe5 Nd4 11. Nc6+ Nxe2 12. Nxd8 O-O 13. Bxe2
Rxd8 14. O-O-O Re8 15. Bf3 Bb7 16. Nc7 Rad8 17. Nxe8 Rxe8 18. Rxd6 Re6 19.
Rxe6 dxe6 20. Bxb7 f5 21. Bc8 Kf7 22. Re1 Kf6 23. Rxe6+ Kg5 24. Re7 Kg6 25.
Rxa7 h6 26. a4 h5 27. a5 h4 28. a6 { Black resigns } 1-0

[Event "ICC tourney 2533 (25 5)"]
[Site "Internet Chess Club"]
[Date "2021.04.24"]
[Round "1"]
[White "MAHAJAN, EASHAN:K09-16803522"]
[Black "PETERSON, RYAN:K09-14901322"]
[Result "0-1"]
[ICCResult "White resigns"]
[WhiteElo "885"]
[BlackElo "2016"]
[Opening "Giuoco Piano"]
[ECO "C54"]
[NIC "IG.02"]
[Time "11:03:26"]
[PlyCount "64"]
[TimeControl "1500+5"]

1. e4 e5 2. Nf3 Nc6 3. Bc4 Bc5 4. c3 Nf6 5. d4 exd4 6. cxd4 Bb4+ 7. Bd2
Nxe4 8. Bxb4 Nxb4 9. Bxf7+ Kxf7 10. Qb3+ d5 11. Qxb4 Re8 12. O-O c6 13. Nc3
Kg8 14. Rfe1 Qb6 15. Qxb6 axb6 16. Nxe4 Rxe4 17. Rxe4 dxe4 18. Ne5 Ra4 19.
Rd1 Rxa2 20. Nc4 Be6 21. Nxb6 Rxb2 22. Na8 b5 23. Nc7 Bc4 24. f3 e3 25. Re1
e2 26. Kf2 Rd2 27. Ke3 Rd1 28. Rxe2 Bxe2 29. Kxe2 Rxd4 30. Na6 Kf7 31. Ke3
Ra4 32. Kd3 Rxa6 { White resigns } 0-1

[Event "ICC tourney 2533 (25 5)"]
[Site "Internet Chess Club"]
[Date "2021.04.24"]
[Round "1"]
[White "TRAN, KOLBY:K09-16895617"]
[Black "ZHUANG, KYLE:K09-16368295"]
[Result "0-1"]
[ICCResult "White checkmated"]
[WhiteElo "663"]
[BlackElo "1637"]
[Opening "Sicilian"]
[ECO "B50"]
[NIC "SI.01"]
[Time "11:01:28"]
[PlyCount "106"]
[TimeControl "1500+5"]

1. e4 c5 2. Nf3 d6 3. Nc3 Nc6 4. Bb5 Bd7 5. d3 Nf6 6. Bxc6 Bxc6 7. Be3 e6
8. O-O Be7 9. Qd2 Ng4 10. h3 Nxe3 11. Qxe3 O-O 12. Rad1 d5 13. exd5 exd5
14. d4 c4 15. Rde1 Bf6 16. Ne5 Re8 17. b3 Bxe5 18. dxe5 d4 19. Qg3 dxc3 20.
Qxc3 cxb3 21. Qxb3 Qb6 22. Qc4 Rac8 23. e6 fxe6 24. Rxe6 Kh8 25. Rfe1 Rxe6
26. Qxe6 Qd8 27. f4 Qe8 28. Qxe8+ Rxe8 29. Rxe8+ Bxe8 30. Kf2 a5 31. Ke3
Kg8 32. Ke4 Kf7 33. Kd5 Bc6+ 34. Kc5 Bxg2 35. h4 a4 36. Kb4 Bc6 37. c3 Kf6
38. Kc4 Kf5 39. Kd4 Kxf4 40. c4 g5 41. hxg5 Kxg5 42. Ke3 h5 43. Kf2 Kf4 44.
Kg1 Kg3 45. c5 h4 46. a3 h3 47. Kf1 h2 48. Ke2 h1=Q 49. Ke3 Qf3+ 50. Kd2
Qxa3 51. Ke1 Qb2 52. Kd1 Bf3+ 53. Ke1 Qe2# { White checkmated } 0-1

[Event "ICC tourney 2533 (25 5)"]
[Site "Internet Chess Club"]
[Date "2021.04.24"]
[Round "1"]
[White "CARRASCO, CHRISTIAN:K09-15929632"]
[Black "GARAG, SHASHANK:K09-17125451"]
[Result "1-0"]
[ICCResult "Black checkmated"]
[WhiteElo "1734"]
[BlackElo "712"]
[Opening "Ruy Lopez: exchange variation, 5.O-O"]
[ECO "C68"]
[NIC "RL.08"]
[Time "11:02:13"]
[PlyCount "69"]
[TimeControl "1500+5"]

1. e4 e5 2. Nf3 Nc6 3. Bb5 a6 4. Bxc6 dxc6 5. O-O Nf6 6. Nxe5 Qd4 7. Nf3
Nxe4 8. Nxd4 Bc5 9. Nb3 O-O 10. Nxc5 Nxc5 11. d4 Ne6 12. c3 b5 13. Qf3 Bd7
14. Bf4 Rac8 15. Nd2 c5 16. d5 Nd8 17. d6 cxd6 18. Bxd6 Re8 19. Rfe1 Ne6
20. Qb7 Bc6 21. Qxa6 c4 22. Ne4 Bxe4 23. Rxe4 Rcd8 24. Qxb5 h6 25. Rae1 Ra8
26. h3 Rad8 27. a4 g6 28. a5 Ng7 29. Rxe8+ Nxe8 30. Rxe8+ Rxe8 31. Qxe8+
Kg7 32. Be5+ f6 33. Qe7+ Kg8 34. Bxf6 g5 35. Qg7# { Black checkmated } 1-0

[Event "ICC tourney 2533 (25 5)"]
[Site "Internet Chess Club"]
[Date "2021.04.24"]
[Round "1"]
[White "KOTA, SAMEER:K09-16435967"]
[Black "MARIAN, AARON:K09-15799497"]
[Result "0-1"]
[ICCResult "White resigns"]
[WhiteElo "323"]
[BlackElo "1400"]
[Opening "French: advance variation"]
[ECO "C02"]
[NIC "FR.03"]
[Time "11:02:02"]
[PlyCount "50"]
[TimeControl "1500+5"]

1. e4 e6 2. d4 d5 3. e5 c5 4. c3 cxd4 5. cxd4 Nc6 6. Be3 Bb4+ 7. Nc3 Nge7
8. a3 Ba5 9. Nf3 Nf5 10. Bd3 Nxe3 11. fxe3 h6 12. O-O O-O 13. b4 Bb6 14. a4
Nxb4 15. Rc1 Bd7 16. Bc2 Rc8 17. Bb3 Rc7 18. Nb5 Bxb5 19. axb5 Qc8 20. Rxc7
Qxc7 21. Qd2 Ba5 22. Rc1 Qd7 23. Ra1 b6 24. Qb2 Rc8 25. Kf2 Nd3+ { White
resigns } 0-1

[Event "ICC tourney 2533 (25 5)"]
[Site "Internet Chess Club"]
[Date "2021.04.24"]
[Round "1"]
[White "SKYRIDGE MIDDLE SCHOOL FONG, ADAM:K09-15742580"]
[Black "KOLLIPARA, AMOGH:K09-15294780"]
[Result "0-1"]
[ICCResult "White resigns"]
[WhiteElo "384"]
[BlackElo "1422"]
[Opening "French defense"]
[ECO "C00"]
[NIC "FR.01"]
[Time "11:01:47"]
[PlyCount "48"]
[TimeControl "1500+5"]

1. e4 e6 2. Nf3 d5 3. exd5 exd5 4. Qe2+ Be6 5. d4 Be7 6. Qb5+ Nc6 7. Qxb7
Nb4 8. Qb5+ Qd7 9. Qxd7+ Bxd7 10. Bd3 Nxd3+ 11. cxd3 Rb8 12. Nc3 Nf6 13.
O-O O-O 14. Ne5 c6 15. Nxd7 Nxd7 16. Re1 Bf6 17. Ne2 Rfe8 18. b3 Bxd4 19.
Rb1 Bc3 20. Bd2 Bxd2 21. Red1 Rxe2 22. h3 Rbe8 23. Kf1 Nc5 24. Rb2 Re1+ {
White resigns } 0-1

[Event "ICC tourney 2533 (25 5)"]
[Site "Internet Chess Club"]
[Date "2021.04.24"]
[Round "1"]
[White "CHEN, JONAH:K09-15805266"]
[Black "BHARGAVA, ANISH:K09-17325854"]
[Result "1-0"]
[ICCResult "Black checkmated"]
[WhiteElo "1308"]
[BlackElo "101"]
[Opening "Ruy Lopez: Berlin defense"]
[ECO "C65"]
[NIC "RL.07"]
[Time "11:02:16"]
[PlyCount "63"]
[TimeControl "1500+5"]

1. e4 e5 2. Nf3 Nc6 3. Bb5 Nf6 4. d4 d5 5. Nxe5 Nxe4 6. Nxc6 bxc6 7. Bxc6+
Bd7 8. Bxa8 Qxa8 9. O-O Bc5 10. dxc5 O-O 11. Be3 Bb5 12. Re1 Qe8 13. Qxd5
Qd8 14. Qxe4 Re8 15. Qb4 Bc6 16. Nc3 Qb8 17. Qxb8 Rxb8 18. Rad1 Rf8 19. Nd5
Re8 20. Nxc7 Re6 21. Nxe6 fxe6 22. Bf4 Ba4 23. b3 Bb5 24. Rxe6 Kf7 25. Red6
Be2 26. Re1 Bc4 27. bxc4 a6 28. c6 a5 29. c7 a4 30. c8=Q a3 31. Qd7+ Kg8
32. Re8# { Black checkmated } 1-0

[Event "ICC tourney 2533 (25 5)"]
[Site "Internet Chess Club"]
[Date "2021.04.24"]
[Round "1"]
[White "HENDERSON, TAYLOR:K09-16952541"]
[Black "YANG XIAO, STEPHEN:K09-16490714"]
[Result "0-1"]
[ICCResult "White checkmated"]
[WhiteElo "636"]
[BlackElo "1612"]
[Opening "French: Two knights variation"]
[ECO "C00"]
[NIC "FR.01"]
[Time "11:03:26"]
[PlyCount "60"]
[TimeControl "1500+5"]

1. e4 e6 2. Nc3 d5 3. Nf3 Nf6 4. d3 c5 5. Be2 Nc6 6. exd5 exd5 7. d4 cxd4
8. Nxd4 Bc5 9. Nxc6 bxc6 10. O-O O-O 11. Bg5 Re8 12. Re1 Qb6 13. Rb1 Bxf2+
14. Kf1 Bxe1 15. Kxe1 Ne4 16. Qd3 Qg1+ 17. Bf1 Nc5+ 18. Qe2 Rxe2+ 19. Kxe2
Ba6+ 20. Kd2 Bxf1 21. Rd1 Qxg2+ 22. Kc1 Qxg5+ 23. Kb1 Ne4 24. Nxe4 dxe4 25.
a3 e3 26. Rc1 e2 27. Ka1 Qxc1+ 28. Ka2 e1=Q 29. h3 Qxc2 30. h4 Qeb1# {
White checkmated } 0-1

[Event "ICC tourney 2533 (25 5)"]
[Site "Internet Chess Club"]
[Date "2021.04.24"]
[Round "1"]
[White "V MEHTA, SOHUM:K09-15597521"]
[Black "ARMAN NEISHABOURI, JAMES:K09-16811338"]
[Result "1-0"]
[ICCResult "Black checkmated"]
[WhiteElo "1439"]
[BlackElo "427"]
[Opening "Two knights defense"]
[ECO "C55"]
[NIC "IG.01"]
[Time "11:01:22"]
[PlyCount "55"]
[TimeControl "1500+5"]

1. e4 e5 2. Nf3 Nc6 3. Bc4 Nf6 4. d4 d5 5. Bb5 Bd7 6. Bxc6 Bxc6 7. Nxe5
dxe4 8. O-O Bd6 9. Nxc6 bxc6 10. Re1 O-O 11. Bg5 c5 12. dxc5 Bxc5 13. Nc3
Qxd1 14. Raxd1 Rfe8 15. Bxf6 gxf6 16. Nxe4 Bb6 17. Nxf6+ Kg7 18. Nxe8+ Kf8
19. Nf6 Kg7 20. Nh5+ Kh6 21. Ng3 Rf8 22. b3 f5 23. Re6+ Kg7 24. Rd7+ Kg8
25. Ree7 f4 26. Rg7+ Kh8 27. Rxh7+ Kg8 28. Rdg7# { Black checkmated } 1-0